 Dungeon Crawl Stone Soup version 0.29.1-15-g9cfb28693d (webtiles) character file.

Game seed: 13335750258131009929

21 Descartes the Ducker (level 2, 0/14 HPs)
             Began as a Felid Monk on Mar 24, 2023.
             Frozen to death by an endoplasm (4 damage)
             ... on level 2 of the Dungeon.
             The game lasted 00:01:03 (566 turns).

Descartes the Ducker (Felid Monk)                    Turns: 566, Time: 00:01:04

Health: 0/14       AC:  1    Str:  7    XL:     2   Next: 62%
Magic:  3/3        EV: 19    Int: 11    God:
Gold:   14         SH:  0    Dex: 18    Spells: 1/1 levels left
                                        Lives:  0   Deaths: 0

rFire   . . .      SeeInvis +     - Unarmed
rCold   . . .      Faith    .   (shield unavailable)
rNeg    . . .      Spirit   .   (body armour unavailable)
rPois   .          Reflect  .   (helmet unavailable)
rElec   .          Harm     .   (cloak unavailable)
rCorr   .          Rampage  .   (gloves unavailable)
Will    .....                   (boots unavailable)
Stlth   +++.......              (no amulet)
HPRegen 0.04/turn               (no ring)
MPRegen 0.08/turn               (no ring)

@: quick
A: very small, claws 1, fangs 3, see invisible, speed 1, shaggy fur 1, stealthy
paws, no weapons or thrown items, no armour, multi-lived
a: no special abilities


You were on level 2 of the Dungeon.
You visited 1 branch of the dungeon, and saw 2 of its levels.

You collected 14 gold pieces.

Inventory:

Jewellery
 f - a ring of magical power
Scrolls
 b - a scroll of blinking {unknown}
 c - a scroll of amnesia {unknown}
 d - a scroll of acquirement {unknown}
 e - a scroll of fog {unknown}
Potions
 a - a potion of ambrosia
 g - a potion of degeneration {unknown}


   Skills:
 - Level 3.0 Fighting
 + Level 4.5 Dodging
 + Level 3.4 Stealth
 + Level 3.3 Unarmed Combat


You had one spell level left.
You didn't know any spells.
Your spell library was empty.

Dungeon Overview and Level Annotations

Branches:
Dungeon (1/15)

Altars:

Shops:
D:1 ?

Annotations:
D:2 Terence


Innate Abilities, Weirdness & Mutations

You have sharp claws.
You have razor-sharp teeth.
You have supernaturally acute eyesight. (SInv)
You cover ground quickly. (Speed+)
You are covered in fur. (AC +1)
Your paws help you pounce on unaware monsters.
You are incapable of wielding weapons or throwing items.
You cannot wear armour.
You gain extra lives every three experience levels.


Message History

The hobgoblin misses you. The frilled lizard misses you.
Terence the Incautious comes into view.
He is wielding a +0 short sword.
You scratch the hobgoblin but do no damage.
The ball python misses you. The ball python grabs you.
The ball python constricts you.
The frilled lizard completely misses you.
The hobgoblin barely misses you.
A quokka comes into view.
A rat comes into view.
You barely miss the ball python. The ball python barely misses you.
The ball python constricts you. The frilled lizard barely misses you.
The hobgoblin barely misses you. The hobgoblin misses you.
You scratch the ball python but do no damage.
You bite the ball python.
The ball python is severely wounded.
A ball python comes into view.
The ball python bites you. The ball python constricts you.
The frilled lizard bites you. The hobgoblin barely misses you.
The goblin hits you with a +0 club.
* * * LOW HITPOINT WARNING * * *
The hobgoblin misses you. The ball python bites you.
* * * LOW HITPOINT WARNING * * *
The ball python constricts you.
You escape the ball python's grasp.
The hobgoblin misses you.
A hobgoblin comes into view.
You see here a +0 helmet.
A jackal comes into view.
A jackal comes into view.
The jackal barks! x2
You claw the jackal!
You kill the jackal!
An endoplasm comes into view.
You scratch the jackal but do no damage.
The jackal completely misses you.
You scratch the jackal.
The jackal is severely wounded.
The jackal closely misses you. The jackal misses you. The jackal misses you.
The endoplasm freezes you.
You are frozen.
You die...

.# ....... ...##
## .......
#....#.#
.......##..#.#.#
###
...............
..#
.......#.#.#.#
..#
.......#.....#
l.#
..........#..#
..#
########..J.##.#
..# #..h@...#
.g########
###.#####
...l.....# #.#
##.#####.######.#
.........l....l.#
##.#####.########
#.#####.#
#.......#
#########


You could see an endoplasm, a jackal and a frilled lizard.

Vanquished Creatures
  An adder (D:2)
  2 endoplasms
  A giant cockroach (D:1)
  A goblin (D:1)
  2 hobgoblins (D:1)
  A jackal (D:2)
  A bat (D:1)
  A kobold (D:1)
  A rat (D:2)
11 creatures vanquished.

Notes
Turn   | Place    | Note
-------+----------+-------------------------------------------
     0 | D:1      | Descartes the Felid Monk began the quest for the Orb.
     0 | D:1      | Reached XP level 1. HP: 10/10 MP: 2/2
    11 | D:1      | Found Xoop's Magic Scroll Emporium.
   451 | D:1      | Reached XP level 2. HP: 14/14 MP: 3/3
   465 | D:1      | You fall into a shaft and drop 1 floor!
   529 | D:2      | Noticed Terence
   566 | D:2      | Frozen to death by an endoplasm

Illustrated notes

Levels and vault maps discovered:
D:1:      erik_arrival_blinker_ship, layout_loops_cross, serial_shops, shop,
          hangedman_abyss_or_decor_lesser_grid, minmay_fountain_box,
          chequers_big_river
D:2:      layout_loops_cross, minmay_increasing_density, uniq_terence

Skill      XL: |  1 |
---------------+----+-----
Stealth        | 3 |  3.4
Fighting       | |  3.0
Dodging        | |  4.5
Unarmed Combat | |  3.3

Action                   || total
-------------------------++-------
Melee: Unarmed           ||    42
       Bite              ||     8
       Punch             ||     1
 Stab: Sleeping          ||     2
Armor: Skin              ||     1
Dodge: Dodged            ||    39
